 Dungeon Crawl Stone Soup version 0.26-a0-146-g24f6d3962c (webtiles) character file.

Game seed: 2995164962495271006

6 Flugslaktarn the Sneak (level 1, 0/11 HPs)
             Began as an Octopode Wizard on June 29, 2020.
             Slain by a giant cockroach (1 damage)
             ... on level 2 of the Dungeon.
             The game lasted 00:00:41 (106 turns).

Flugslaktarn the Sneak (Octopode Wizard)             Turns: 106, Time: 00:00:42

Health: 0/11       AC:  1    Str:  6    XL:     1   Next: 90%
Magic:  3/4        EV: 13    Int: 20    God:
Gold:   0          SH:  0    Dex: 10    Spells: 5/6 levels left

rFire    . . .     SeeInvis +   f - +0 whip
rCold    . . .     Faith    .   (no shield)
rNeg     . . .     Spirit   .   a - +0 hat
rPois    .         Reflect  .   (no amulet)
rElec    .         Harm     .   d - ring of see invisible
rCorr    .                      (no ring)
MR       .....                  (no ring)
Stlth    +++.......             (no ring)
HPRegen  0.03/turn              (no ring)
MPRegen  0.09/turn              (no ring)
                                (no ring)
                                (no ring)

@: no status effects
A: almost no armour, stealthy swim, amphibious, 8 rings, constrict 8, camouflage
1, gelatinous body 1
a: no special abilities


You were on level 2 of the Dungeon.
You were not hungry.

You visited 1 branch of the dungeon, and saw 2 of its levels.

Inventory:

Hand Weapons
 f - a +0 whip (weapon)
   (You found it on level 2 of the Dungeon)
Missiles
 b - 14 stones (quivered)
Armour
 a - a +0 hat (worn)
Jewellery
 d - a ring of see invisible (left tentacle)
   (You found it on level 1 of the Dungeon)
Comestibles
 c - a ration
 g - a chunk of flesh


   Skills:
 - Level 2.0 Dodging
 + Level 3.6 Stealth
 - Level 3.0 Spellcasting
 - Level 1.0 Conjurations
   Level 1.0 Summonings
   Level 1.0 Translocations


You had 5 spell levels left.
You knew the following spells:

 Your Spells              Type           Power        Failure   Level  Hunger
a - Magic Dart            Conj           #...         10%         1    None

Your spell library contained the following spells:

 Spells                   Type           Power        Failure   Level  Hunger
 Blink                    Tloc           N/A          14%         2    ##.....
 Call Imp                 Summ           #.......     14%         2    ##.....
 Slow                     Hex            #.......     22%         2    ##.....
 Conjure Flame            Conj/Fire      #.......     34%         3    ###....
 Mephitic Cloud           Conj/Pois/Air  #.......     36%         3    ###....


Dungeon Overview and Level Annotations

Branches:
Dungeon (2/15)

Altars:


Innate Abilities, Weirdness & Mutations

You cannot wear most types of armour.
You are very stealthy in the water. (Stealth+)
You are amphibious.
You can wear up to eight rings at the same time.
You can use your tentacles to constrict eight enemies at once.
Your skin changes colour to match your surroundings (Stealth+).
Your rubbery body absorbs attacks. (AC +1, EV +1)


Message History

The bat barely misses you. The goblin closely misses you.
You hit the goblin but do no damage. Your grab misses the goblin.
Your squeeze misses the goblin.
The goblin is severely wounded.
The bat hits you.
* * * LOW HITPOINT WARNING * * *
The goblin hits you with a +0 club.
* * * LOW HITPOINT WARNING * * *
You closely miss the goblin. Your grab misses the goblin.
The goblin is severely wounded.
The bat closely misses you. The goblin barely misses you.
Unknown command.
Casting: Magic Dart (safe; 10% risk of failure)
Confirm with . or Enter, or press ? or * to list all spells.
Aiming: Magic Dart (safe; 10% risk of failure)
Press: ? - help, Shift-Dir - straight line, f - goblin
Aim: a goblin, wielding a +0 club (severely wounded)
The magic dart hits the goblin.
You kill the goblin!
The bat misses you.
The giant cockroach waves its antennae.
The giant cockroach closely misses you.
Unknown command.
You closely miss the giant cockroach. Your grab misses the giant cockroach.
Your squeeze misses the giant cockroach.
The bat hits you but does no damage.
The giant cockroach bites you but does no damage.
Unknown command.
An adder comes into view.
The adder hisses angrily.
The bat closely misses you. The bat hits you.
* * * LOW HITPOINT WARNING * * *
The bat closely misses you. The bat hits you.
* * * LOW HITPOINT WARNING * * *
The giant cockroach misses you. The bat closely misses you.
You see here 13 gold pieces.
Unknown command.
The bat closely misses you.
Unknown command.
The bat closely misses you.
Unknown command.
Unknown command.
You aren't carrying any potions.
As you read the scroll labeled RINUMU QUBIJI, it crumbles to dust.
You feel blessed for a moment.
It was a scroll of remove curse.
The giant cockroach bites you.
You die...

##### .#
##.######...# .#
#.....@shb#.###.#
##.######S..#.#.#
##.#....###.#
#..........#
###.........
##.###### #.# #)#
## ##'##


You could see an adder, a jackal, a giant cockroach and a bat.

Vanquished Creatures
  A bat (D:2)
  A goblin (D:2)
  2 jackals (D:2)
  A frilled lizard (D:2)
5 creatures vanquished.

Notes
Turn   | Place    | Note
-------+----------+-------------------------------------------
     0 | D:1      | Flugslaktarn the Octopode Wizard began the quest for the
                  | Orb.
     0 | D:1      | Reached XP level 1. HP: 11/11 MP: 4/4
   106 | D:2      | Slain by a giant cockroach

Illustrated notes

Levels and vault maps discovered:
D:1:      dpeg_arrival_orchard, layout_loops_cross
D:2:      layout_loops_corners, makhleb_blood_cavern_becter

Skill      XL: |  1 |
---------------+----+-----
Stealth        | 3 |  3.6
Dodging        | |  2.0
Spellcasting   | |  3.0
Conjurations   | |  1.0
Summonings     | |  1.0
Translocations | |  1.0

Action                   || total
-------------------------++-------
Melee: Whip              ||    14
       Constrict         ||     2
       Tentacles         ||     2
 Cast: Magic Dart        ||     5
  Use: Scroll            ||     1
Armor: Skin              ||     5
Dodge: Dodged            ||    29

Table legend:
 A = Non-vault XP
 B = Vault XP
 C = Vault XP percentage of total XP
 D = Non-vault monster count
 E = Vault monster count
 F = Vault count percentage of total count
                 A         B        C        D         E       F
            +---------+---------+-------+---------+---------+-------
      Total |       9 |       0 |   0.0 |       5 |       0 |   0.0
            +---------+---------+-------+---------+---------+-------
        D:2 |       9 |       0 |   0.0 |       5 |       0 |   0.0
            +---------+---------+-------+---------+---------+-------
